Down to The Wire - 2v2

Match 24123473
End
Construct Section Command Post
Infantry Section
Infantry Section
Infantry Section
Selects Air and Sea Battlegroup
Construct Platoon Command Post
Selects Supply Surplus
Construct Resource Cache
Construct Resource Cache
6-pounder Anti-tank Gun Team
Infantry Training
Construct Resource Cache
Grenade Package
6-pounder Anti-tank Gun Team
Selects Commando Section Paradrop
Selects M1 Pack Howitzer Paradrop
Construct Company Command Post
Foot Guards Section
Crusader II Medium Tank
Selects Incendiary Bombing Run
Crusader II Medium Tank
Construct Field Infirmary
Matilda II Heavy Tank
Incendiary Bombing Run
Royal Engineer Section
Crusader II Medium Tank
Unlock Towed 17-pounder Anti-tank Guns
Selects Centaur Medium Tank
Incendiary Bombing Run
Crusader II Medium Tank
Crusader II Medium Tank
Armored Vehicle Training
Incendiary Bombing Run
Crusader II Medium Tank
Crusader II Medium Tank
Crusader II Medium Tank
Crusader II Medium Tank
Crusader II Medium Tank
sw
Auxiliary Priest
Yosugami
Laevateinn
0
0

Comments sign in to comment!

Nhika about 1 year ago

Lol, USF loses MG first 2 minutes of the game, with sloppiest sniper ever! The Brit doing some mad work, nice build from both players though with the resource cache early/mid game. Very sloppy micro though, AT guns always wrong place, bazookas aiming at infantry!